 Dungeon Crawl Stone Soup version 0.24.1-4-ge52af88ad5 (webtiles) character file.

Game seed: 9061190396046207559, levelgen mode: deterministic

4466 Gabide the Skirmisher (level 10, 0/80 HPs)
             Began as a Human Fighter on Apr 15, 2020.
             Was a Plaything of Xom.
             Slain by an orc warrior
             ... wielding a cursed +0 flail
              (13 damage)
             ... on level 9 of the Dungeon.
             The game lasted 00:35:57 (8547 turns).

Gabide the Skirmisher (Human Fighter)               Turns: 8547, Time: 00:35:57

Health: 0/80       AC: 13    Str: 20    XL:     10   Next: 64%
Magic:  10/10      EV:  9    Int:  8    God:    Xom [..*...]
Gold:   409        SH: 11    Dex: 13    Spells: 9/9 levels left

rFire    . . .     SeeInvis .   p - +6 hand axe
rCold    . . .     Gourm    .   c - +1 shield
rNeg     . . .     Faith    .   b - +1 scale mail
rPois    .         Spirit   .   n - +0 helmet
rElec    .         Reflect  .   s - +0 cloak
rCorr    .         Harm     .   r - +0 pair of gloves
MR       .....                  h - +0 pair of boots
Stlth    +.........             (no amulet)
HPRegen  0.23/turn              (no ring)
MPRegen  0.12/turn              (no ring)

@: no status effects
A: no striking features
a: Renounce Religion


You were on level 9 of the Dungeon.
You worshipped Xom.
You were a toy of Xom.
You were not hungry.

You visited 2 branches of the dungeon, and saw 10 of its levels.

You collected 517 gold pieces.
You spent 108 gold pieces at shops.

Inventory:

Hand Weapons
 a - a +0 flail
 g - a +0 hand axe of electrocution
 p - a +6 hand axe (weapon)
 q - a +0 war axe of freezing
Missiles
 j - 253 stones
 y - 4 boomerangs (quivered)
Armour
 b - a +1 scale mail (worn)
 c - a +1 shield (worn)
 h - a +0 pair of boots (worn)
 n - a +0 helmet (worn)
 r - a +0 pair of gloves (worn)
 s - a +0 cloak (worn)
Wands
 d - a wand of disintegration (35)
 z - a wand of enslavement (9)
 D - a wand of acid (10)
Scrolls
 m - 4 scrolls of remove curse
 t - 2 scrolls of torment
 C - 3 scrolls of blinking
 F - a scroll of identify
Potions
 e - a potion of flight {unknown}
 i - 3 potions of curing
 l - a potion of mutation {unknown}
 o - a potion of cancellation {unknown}
 u - 2 potions of invisibility
 v - 2 potions of lignification {unknown}
 w - 2 potions of brilliance {unknown}
 x - a potion of ambrosia {unknown}
 B - a potion of might
 E - a potion of berserk rage {unknown}
Comestibles
 f - 17 rations
 A - a chunk of flesh


   Skills:
 * Level 7.7 Fighting
 + Level 7.6(7.8) Axes
 - Level 2.5(5.5) Maces & Flails
 + Level 5.5 Throwing
 + Level 5.8 Armour
 + Level 2.6 Dodging
 + Level 3.1 Stealth
 + Level 6.2 Shields
 + Level 1.1 Evocations


You had 9 spell levels left.
You didn't know any spells.
Your spell library contained the following spells:

 Spells                   Type           Power        Failure   Level  Hunger
 Magic Dart               Conj           #...         98%         1    ##.....
 Sting                    Conj/Pois      #...         98%         1    ##.....
 Blink                    Tloc           N/A          99%         2    ###....
 Call Imp                 Summ           #.......     99%         2    ###....
 Poisonous Vapours        Pois/Air       #.....       99%         2    ###....
 Slow                     Hex            #.......     99%         2    ###....
 Conjure Flame            Conj/Fire      #.......     100%        3    ####...
 Mephitic Cloud           Conj/Pois/Air  #.......     100%        3    ####...
 Olgreb's Toxic Radiance  Pois           #.......     100%        4    #####..
 Venom Bolt               Conj/Pois      #.........   100%        5    ######.


Dungeon Overview and Level Annotations

Branches:
Dungeon (9/15)             Temple (1/1) D:6            Lair (0/6) D:9
    Orc (0/2) D:9

Altars:
Ashenzari
Cheibriados
Dithmenos
Elyvilon
Fedhas
Gozag
Hepliaklqana
Kikubaaqudgha
Makhleb
Nemelex Xobeh
Okawaru
Qazlal
Ru
Sif Muna
Trog
Uskayaw
Vehumet
Wu Jian
Xom
Yredelemnul
Zin
The Shining One

Shops:
D:5 [

Annotations:
D:7 1 runed translucent door, exclusion: 4 orange crystal statues


Message History

The orc warrior hits you with a cursed +0 flail.
You hit the orc warrior.
The orc warrior is severely wounded.
The orc warrior hits you from afar with a +0 trident.
You hit the orc warrior.
The orc warrior is almost dead.
You block the orc warrior's attack.
The orc warrior hits you from afar with a +0 trident.
* * * LOW HITPOINT WARNING * * *
You closely miss the orc warrior.
The orc warrior is almost dead.
The orc warrior hits you with a cursed +0 flail!
* * * LOW HITPOINT WARNING * * *
Xom is interested.
The orc warrior misses you.
You hit the orc warrior.
The orc warrior is almost dead.
The orc warrior hits you with a cursed +0 flail!
You die...
Xom cackles wildly!

.................#...###....####.
.................#รท###
#.##......
..<#####...#######.#####.##...##.
.#.# #...# #.......###..### ..(#
#...# ##.......##..### #### #...#
#.##.##.##..... # #..)#
#.##.##.##..... #
#...########.##......##### #
##.).)..o@.#.#####.#.# #.
#.#)##o##)#.......#.# ##.
#..o...# .#########.###..
,......#.. .8*,,, #......
..##.#..#.....#, #####.. .
#.....#.>..', ### ,
*#.....<....#., , * #.#####...8#.
, *,* ****


You could see 2 orc warriors.

Vanquished Creatures
  Maurice (D:8)
  A troll (D:9)
  A spriggan (D:8)
  Menkaure (D:5)
  Duvessa (D:7)
  3 sky beasts (D:9)
  An orc warrior (D:9)
  4 ice beasts
  4 ogres
  A necrophage (D:5)
  4 phantoms
  3 centaurs
  2 bullfrogs (D:6)
  Dowan (D:7)
  A scorpion (D:5)
  5 killer bees (D:9)
  2 howler monkeys
  5 crimson imps
  3 hounds
  A jelly (D:8)
  7 orc priests
  A bullfrog zombie (D:8)
  A centaur skeleton (D:4)
  Jessica (D:3)
  10 orc wizards
  5 worker ants
  2 hound skeletons (D:9)
  A howler monkey skeleton (D:6)
  4 gnolls (D:5)
  5 adders
  A shadow imp (D:7)
  An ooze (D:1)
  An adder zombie (D:8)
  A worm (D:3)
  4 dart slugs
  6 leopard geckos
  39 orcs
  10 bats
  2 giant cockroaches
  7 hobgoblins
  6 jackals
  4 quokkas
  7 frilled lizards
  9 goblins
  A jackal zombie (D:5)
  5 kobolds
  5 rats
191 creatures vanquished.

Notes
Turn   | Place    | Note
-------+----------+-------------------------------------------
     0 | D:1      | Gabide the Human Fighter began the quest for the Orb.
     0 | D:1      | Reached XP level 1. HP: 18/18 MP: 1/1
    58 | D:1      | Reached XP level 2. HP: 23/24 MP: 2/2
   300 | D:1      | Reached XP level 3. HP: 24/29 MP: 3/3
  1172 | D:2      | Reached XP level 4. HP: 35/35 MP: 4/4
  1212 | D:2      | Reached skill level 1 in Throwing
  1872 | D:3      | Reached skill level 1 in Stealth
  1998 | D:3      | Reached XP level 5. HP: 32/41 MP: 5/5
  2306 | D:3      | Noticed Jessica
  2318 | D:3      | Killed Jessica
  2318 | D:3      | Reached skill level 1 in Axes
  2514 | D:3      | Reached XP level 6. HP: 44/48 MP: 6/6
  3197 | D:4      | Noticed an ogre
  3207 | D:4      | Killed an ogre
  3207 | D:4      | Reached skill level 1 in Dodging
  3207 | D:4      | Reached XP level 7. HP: 34/54 MP: 7/7
  3868 | D:5      | Entered Level 5 of the Dungeon
  3872 | D:5      | Found an iron altar of Okawaru.
  3899 | D:5      | Found Feqes Kouta's Armour Shop.
  3908 | D:5      | Bought a +0 pair of gloves for 54 gold pieces
  3908 | D:5      | Bought a +0 cloak for 54 gold pieces
  4184 | D:5      | Reached XP level 8. HP: 61/61 MP: 8/8
  4272 | D:5      | Found a glowing golden altar of the Shining One.
  4501 | D:5      | Found a glowing silver altar of Zin.
  4720 | D:5      | Noticed Menkaure
  4731 | D:5      | Killed Menkaure
  4731 | D:5      | Reached skill level 5 in Fighting
  5325 | D:6      | Found an opulent altar of Gozag.
  5424 | D:6      | Found a basalt altar of Yredelemnul.
  5432 | D:6      | Found a staircase to the Ecumenical Temple.
  5441 | Temple   | Entered the Ecumenical Temple
  6097 | D:7      | Found a hazy altar of Hepliaklqana.
  6115 | D:7      | Reached XP level 9. HP: 68/68 MP: 9/9
  6441 | D:7      | Reached skill level 5 in Axes
  6556 | D:7      | Noticed Duvessa
  6563 | D:7      | Killed Duvessa
  6563 | D:7      | Reached skill level 5 in Shields
  6563 | D:7      | Noticed Dowan
  6571 | D:7      | Killed Dowan
  6745 | D:7      | Noticed an orange crystal statue
  6746 | D:7      | Found a runed translucent door.
  6749 | D:7      | Found the +10 large shield of Ignorance {rN+ Int-4}
  6765 | D:7      | Found a runed translucent door.
  6818 | D:7      | Noticed an orange crystal statue
  6818 | D:7      | Noticed an orange crystal statue
  6818 | D:7      | Noticed an orange crystal statue
  7200 | D:8      | Reached skill level 5 in Armour
  7277 | D:8      | Noticed Maurice
  7351 | D:8      | Killed Maurice
  7413 | D:8      | Reached XP level 10. HP: 68/77 MP: 10/10
  7918 | D:8      | Reached skill level 5 in Throwing
  7918 | D:8      | Reached skill level 1 in Evocations
  7991 | D:9      | Found a sacrificial altar of Ru.
  7997 | D:9      | Found an ancient bone altar of Kikubaaqudgha.
  8183 | D:9      | Found a staircase to the Lair.
  8241 | D:9      | Found a shimmering altar of Xom.
  8241 | D:9      | Found a shimmering altar of Xom.
  8241 | D:9      | Found a shimmering altar of Xom.
  8242 | D:9      | Found a shimmering altar of Xom.
  8245 | D:9      | Found a shimmering altar of Xom.
  8245 | D:9      | Found a shimmering altar of Xom.
  8252 | D:9      | Found a shimmering altar of Xom.
  8256 | D:9      | Became a worshipper of Xom of Chaos
  8296 | D:9      | XOM: potion effect (haste)
  8355 | D:9      | Found a stormy altar of Qazlal.
  8365 | D:9      | XOM: harmless Chrm miscast
  8522 | D:9      | Found a staircase to the Orcish Mines.
  8524 | D:9      | XOM: divination: magic mapping
  8547 | D:9      | Slain by an orc warrior

Levels and vault maps discovered:
D:1:      dpeg_arrival_shrine, layout_basic, kennysheep_minor_cross
D:2:      layout_basic
D:3:      layout_rooms, minmay_misc_feat_tower, grunt_decor_cap, uniq_jessica
D:4:      layout_cave_pools
D:5:      layout_loops_corners, okawaru_metal_pillars_1_2, tso_metal_star,
          first_ration, basic_altar, serial_shops, nicolae_shop_statue_plus,
          uniq_menkaure
D:6:      layout_loops_corners, nicolae_gozag_seed_capital,
          lemuel_crystal_altar, minmay_temple_entry_crystal_x
D:7:      layout_rooms, overflow_temple_1_default,
          chequers_guarded_unrand_ignorance, uniq_duvessa
D:8:      layout_loops_ring, the_bakery, onia_ninara_dug_in_and_dangerous,
          uniq_maurice
D:9:      layout_loops_cross, nicolae_overflow_crystal_walls,
          grunt_temple_overflow_open, nicolae_xom_altar_mimics,
          minmay_orc_entry_temple_small, chequers_serial_rivers_micro_c,
          amethyst_killhole
Temple:   dshaligram_water_room_temple

Skill      XL: |  1  2  3  4  5  6  7  8  9 10 |
---------------+-------------------------------+-----
Throwing       | 1 2 4 5 |  5.5
Stealth        | 1 2 3 |  3.1
Axes           | 1 2 3 4 6 7 |  7.6
Fighting       | 4 5 6 7 |  7.7
Dodging        | 1 2 |  2.6
Armour         | 4 5 |  5.8
Shields        | 4 5 6 |  6.2
Evocations     | 1 |  1.1
Maces & Flails | |  2.5

Action                   |  1- 3 |  4- 6 |  7- 9 | 10-12 || total
-------------------------+-------+-------+-------+-------++-------
Melee: Flail             |    89 |       |       |       ||    89
       Hand axe          |     4 |   119 |   317 |   164 ||   604
Throw: Stone             |    12 |    72 |   153 |       ||   237
       Boomerang         |       |       |       |    31 ||    31
Evoke: Wand              |       |       |     9 |       ||     9
  Use: Scroll            |     2 |     5 |     7 |     2 ||    16
       Potion            |       |     1 |     5 |     5 ||    11
  Eat: Chunk             |     1 |     7 |    10 |     1 ||    19
       Ration            |       |       |     1 |     1 ||     2
Armor: Scale mail        |    33 |    57 |   124 |    64 ||   278
Dodge: Dodged            |    30 |    34 |    74 |    35 ||   173
Block: Shield            |    53 |    58 |   154 |    88 ||   353
